[Event "Titled Tuesday Blitz May 11 2021"]
[White "Krivonosov, Oleg"]
[Black "Rozhkov, Viacheslav"]
[WhiteFideId "11600349"]
[BlackFideId "4181484"]
[WhiteElo "2469"]
[BlackElo "2324"]
[Result "1/2-1/2"]
[Round "02"]
[TimeControl "180+1"]
[Date "2021.05.11"]
[WhiteClock "0:00:26"]
[BlackClock "0:00:22"]

1. Nf3 d5 2. d4 Nf6 3. c4 dxc4 4. e3 a6 5. Bxc4 c5 6. O-O Nc6 7. dxc5 Qxd1 8. Rxd1 e6 9. a3 Bxc5 10. b4 Be7 11. Bb2 b5 12. Be2 Bb7 13. Nbd2 Rc8 14. Rac1 O-O 15. Nb3 Rfd8 16. Nfd4 Nxd4 17. Bxd4 Bd5 18. Nc5 Bxc5 19. Bxc5 Ne4 20. Bd4 Nd6 21. Bb6 Re8 22. f3 Nc4 23. Bxc4 Rxc4 24. e4 Rxc1 25. Rxc1 Bc4 26. Rd1 e5 27. Rd7 Ra8 28. h4 h5 29. Kf2 f6 30. g4 hxg4 31. fxg4 Be6 32. Rd8+ Rxd8 33. Bxd8 Bxg4 34. Be7 Kf7 35. Bc5 g6 36. Kg3 Bd1 37. Bd6 Ke6 38. Bc7 f5 39. Bd8 fxe4 40. Kf2 Kd5 41. Ke3 Bf3 42. Bc7 Kc4 43. Bxe5 Kb3 44. Bc7 Kxa3 45. Ba5 Kb3 46. Kd4 Kc2 47. Ke3 Kc3 48. Kf2 Kd3 49. Bb6 Bh5 50. Bc5 Kc4 51. Ke3 a5 52. Kxe4 axb4 53. Bd4 b3 54. Ke3 b2 55. Bxb2 Kb3 56. Be5 b4 57. Kd2 Ka2 58. Kc1 b3 59. Bb2 Bg4 60. Bf6 Bh5 61. Bb2 Bg4 62. Bf6 Ka3 63. Bb2+ Kb4 64. Bf6 Kc4 65. Kb2 Bd1 66. Bg5 Bc2 67. Bd8 Kd3 68. Bg5 Ke4 69. Bd8 Kf5 70. Bg5 Kg4 71. Bd8 Kh5 72. Bg5 Kg4 73. Be7 Kh5 74. Bd8 Kg4 75. Bg5 Kh5 76. Be7 Kg4 77. Bd8 Kh5 78. Bg5 Kg4 1/2-1/2


[Site "https://www.chess.com"]

[Event "Titled Tuesday Blitz May 11 2021"]
[White "Kwon, Sehyun"]
[Black "Artemiev, Vladislav"]
[WhiteFideId "13203088"]
[BlackFideId "24101605"]
[WhiteElo "2624"]
[BlackElo "3094"]
[Result "0-1"]
[Round "02"]
[TimeControl "180+1"]
[Date "2021.05.11"]
[WhiteClock "0:00:03"]
[BlackClock "0:00:31"]

1. e4 g6 2. d4 Bg7 3. Nc3 d6 4. Be3 a6 5. a4 Nf6 6. h3 O-O 7. g4 b6 8. Bg2 Bb7 9. Nge2 Nbd7 10. Ng3 c5 11. O-O cxd4 12. Bxd4 Qc7 13. Re1 e6 14. g5 Ne8 15. Bxg7 Nxg7 16. Qd4 e5 17. Qe3 Ne6 18. Nge2 f6 19. h4 fxg5 20. hxg5 Qd8 21. Rad1 Qe7 22. Qd2 Nxg5 23. Qxd6 Qf7 24. Qxd7 Qxf2+ 25. Kh1 Qh4+ 26. Kg1 Rf7 27. Qd3 Qf2+ 28. Kh1 Nf3 29. Bxf3 Rxf3 30. Qc4+ Kh8 31. Ng1 Qh4+ 32. Kg2 Rf2# 0-1


[Site "https://www.chess.com"]

[Event "Titled Tuesday Blitz May 11 2021"]
[White "Laxman, R.R."]
[Black "Eden, James"]
[WhiteFideId "5005361"]
[BlackFideId "666491"]
[WhiteElo "2476"]
[BlackElo "2176"]
[Result "0-1"]
[Round "02"]
[TimeControl "180+1"]
[Date "2021.05.11"]
[WhiteClock "0:00:39"]
[BlackClock "0:00:13"]

1. d4 d5 2. Nf3 Nf6 3. c4 c6 4. e3 Bf5 5. Nc3 a6 6. Bd3 Bg6 7. O-O e6 8. a3 Nbd7 9. b4 Bd6 10. Bb2 O-O 11. Re1 Ne4 12. Bxe4 dxe4 13. Nd2 f5 14. Qb3 Qe7 15. d5 exd5 16. cxd5 Kh8 17. Nc4 Bc7 18. Rad1 Qh4 19. g3 Qh3 20. dxc6 Bh5 21. f4 exf3 22. Qc2 Nf6 23. Nd5 Ng4 24. Rf1 Bxg3 25. Nf4 Bxh2+ 26. Kh1 Bxf4+ 27. Kg1 Bh2+ 28. Kh1 Bg3+ 29. Kg1 f2+ 30. Rxf2 Bxf2+ 31. Qxf2 Nxf2 32. Rd7 Qg3+ 33. Kf1 bxc6 34. Be5 Qh3+ 35. Kxf2 Qf3+ 36. Kg1 Rf7 37. Rd6 Qg4+ 38. Kf2 Qxc4 39. Rd4 Qc2+ 0-1


[Site "https://www.chess.com"]

[Event "Titled Tuesday Blitz May 11 2021"]
[White "Lintchevski, Daniil"]
[Black "Wieczorek, Oskar"]
[WhiteFideId "4171055"]
[BlackFideId "1133950"]
[WhiteElo "2505"]
[BlackElo "2258"]
[Result "1-0"]
[Round "02"]
[TimeControl "180+1"]
[Date "2021.05.11"]
[WhiteClock "0:00:07"]
[BlackClock "0:00:07"]

1. e4 e5 2. d4 exd4 3. Nf3 Nc6 4. Nxd4 Bc5 5. Nxc6 Qf6 6. Qf3 bxc6 7. Nd2 d6 8. Bd3 Bd4 9. c3 Qxf3 10. gxf3 Bf6 11. f4 Ne7 12. Nf3 Ng6 13. h4 Bg4 14. Nd4 Nxh4 15. e5 dxe5 16. fxe5 Be7 17. Nxc6 Bf3 18. Rxh4 Bxh4 19. Nd4 Bg4 20. Be3 O-O 21. Kd2 c5 22. Nb5 Be7 23. Rh1 h5 24. Kc2 Bf3 25. Rh3 Bg4 26. Rg3 a5 27. Be4 Rab8 28. a4 g6 29. b3 Bd7 30. Nc7 Rfd8 31. Nd5 Bh4 32. Rg1 Bc6 33. c4 Bxd5 34. Bxd5 Rbc8 35. Rxg6+ Kf8 36. Rh6 Kg7 37. Rxh5 Be7 38. Rf5 f6 39. Rf3 Rf8 40. Rg3+ Kh7 41. Be4+ f5 42. Bd5 f4 43. Rh3+ Kg6 44. Bd2 Kf5 45. Rh5+ Kg4 46. Rh7 Bg5 47. Be6+ Kf3 48. Bxc8 Rxc8 49. Rg7 Bh4 50. Rf7 Bg5 51. e6 Re8 52. Rf5 Kg4 53. Rxc5 Rxe6 54. Rxa5 Bh4 55. Ra8 Bxf2 56. Rg8+ Kf3 57. Rf8 Bg3 58. a5 Re2 59. Kd3 Re6 60. b4 Rd6+ 61. Kc2 Ke4 62. c5 Rd7 63. Bxf4 Bxf4 64. Kb3 Rd3+ 65. Kc4 Rd4+ 66. Kb5 Bd2 67. Re8+ Kd3 68. a6 Rxb4+ 69. Kc6 Ra4 70. Kb7 Be3 71. Rxe3+ Kxe3 72. c6 Rb4+ 73. Kc7 Ra4 74. Kb6 Rb4+ 75. Ka5 Rc4 76. Kb5 Kd4 77. a7 Rc5+ 78. Kb6 Rc2 79. a8=Q Rb2+ 1-0


[Site "https://www.chess.com"]

[Event "Titled Tuesday Blitz May 11 2021"]
[White "Ljukin, Sergei"]
[Black "Ardelean, George-Catalin"]
[WhiteFideId "14102200"]
[BlackFideId "1207091"]
[WhiteElo "2287"]
[BlackElo "2586"]
[Result "0-1"]
[Round "02"]
[TimeControl "180+1"]
[Date "2021.05.11"]
[WhiteClock "0:01:38"]
[BlackClock "0:01:39"]

1. e4 d5 2. exd5 Qxd5 3. Nc3 Qd6 4. d4 c6 5. Nf3 Bg4 6. g3 Bxf3 7. Qxf3 Qxd4 8. Be3 Qd8 9. Bg2 Nf6 10. Bf4 Nbd7 11. O-O-O e6 12. Ne4 Nxe4 13. Qxe4 Be7 14. Rd2 Qa5 15. Rhd1 Nf6 16. Qc4 O-O 17. h3 Nd5 18. Kb1 Nxf4 19. Qxf4 Rad8 20. Qe3 Rxd2 21. Qxd2 Rd8 22. Qe2 Bf6 0-1


[Site "https://www.chess.com"]

[Event "Titled Tuesday Blitz May 11 2021"]
[White "Lomasov, Semyon"]
[Black "Flores Quillas, Diego Saul Rodri"]
[WhiteFideId "24164879"]
[BlackFideId "3822508"]
[WhiteElo "2445"]
[BlackElo "2071"]
[Result "1-0"]
[Round "02"]
[TimeControl "180+1"]
[Date "2021.05.11"]
[WhiteClock "0:00:14"]
[BlackClock "0:00:34"]

1. e4 c5 2. Nf3 e6 3. b3 Nf6 4. e5 Nd5 5. Bb2 Be7 6. g3 O-O 7. Bg2 d6 8. exd6 Qxd6 9. Na3 Nc6 10. O-O Bf6 11. Bxf6 Nxf6 12. Nc4 Qc7 13. a4 b6 14. Re1 Bb7 15. a5 Rad8 16. axb6 axb6 17. Qc1 Nb4 18. Qb2 Bxf3 19. Bxf3 b5 20. Na3 Rxd2 21. Qc3 Rfd8 22. Nxb5 Qb6 23. Na3 c4 24. Rf1 Qc5 25. Qxc4 Qxc4 26. bxc4 Nxc2 27. Nxc2 Rxc2 28. Rfc1 Rxc1+ 29. Rxc1 Kf8 30. Kf1 Ke7 31. Ke2 Nd7 32. c5 Rc8 33. c6 Ne5 34. Be4 f5 35. f4 Nxc6 36. Rxc6 Rb8 37. Bc2 h6 38. Ke3 g5 39. Bd3 Rb4 40. h4 gxf4+ 41. gxf4 Ra4 42. h5 Rb4 43. Rc7+ Kd6 44. Rh7 e5 45. Rxh6+ Kd5 46. Bxf5 exf4+ 47. Kf3 Ke5 48. Bg4 Rb3+ 49. Kf2 Rb2+ 50. Be2 Ke4 51. Re6+ Kf5 52. Rg6 Ra2 53. Rg8 Ra3 54. h6 Ra6 55. h7 1-0


[Site "https://www.chess.com"]

[Event "Titled Tuesday Blitz May 11 2021"]
[White "Mamedyarov, Shakhriyar"]
[Black "Karacsonyi, Gellert"]
[WhiteFideId "13401319"]
[BlackFideId "764620"]
[WhiteElo "2716"]
[BlackElo "2192"]
[Result "1-0"]
[Round "02"]
[TimeControl "180+1"]
[Date "2021.05.11"]
[WhiteClock "0:00:32"]
[BlackClock "0:00:07"]

1. d4 Nf6 2. c4 e6 3. Nc3 Bb4 4. Qc2 O-O 5. e4 d5 6. e5 Ne4 7. Bd3 c5 8. Nf3 cxd4 9. Nxd4 Nc6 10. Nxc6 bxc6 11. O-O f5 12. exf6 Nxf6 13. Re1 h6 14. a3 Bd6 15. h3 Bc7 16. b4 e5 17. cxd5 cxd5 18. Bb2 e4 19. Bf1 Bb7 20. Rad1 Rc8 21. Qb3 Qe7 22. g3 Qf7 23. Nb5 Bb8 24. Bd4 a6 25. Nc3 Nd7 26. Be2 Be5 27. Rf1 Bxd4 28. Rxd4 Ne5 29. Nxd5 Bxd5 30. Qxd5 Qxd5 31. Rxd5 Nf3+ 32. Kg2 Rc3 33. Ra5 Nd4 34. Bxa6 e3 35. Re5 Rxa3 36. Bc4+ Kh8 37. Rxe3 Ra4 38. Re4 Nf5 39. Bd3 Nd6 40. Rd4 Nf7 41. Rf4 Ra7 42. Bc4 g5 43. Rxf7 Rfxf7 44. Bxf7 Rxf7 45. b5 Rb7 46. Rb1 Rb6 47. Kf3 Kg7 48. Ke4 Kf6 49. Kd5 Kf5 50. Kc5 Rb8 51. b6 1-0


[Site "https://www.chess.com"]

[Event "Titled Tuesday Blitz May 11 2021"]
[White "Maze, Sebastien"]
[Black "Miszler, Levente"]
[WhiteFideId "613762"]
[BlackFideId "763276"]
[WhiteElo "2462"]
[BlackElo "1967"]
[Result "0-1"]
[Round "02"]
[TimeControl "180+1"]
[Date "2021.05.11"]
[WhiteClock "0:01:05"]
[BlackClock "0:00:19"]

1. e4 e6 2. d3 d5 3. Nd2 Nf6 4. Ngf3 Be7 5. g3 O-O 6. Bg2 c5 7. O-O Nc6 8. Re1 b5 9. e5 Nd7 10. Nf1 Qc7 11. Bf4 Bb7 12. h4 Rfc8 13. Ne3 Qd8 14. c3 a5 15. d4 b4 16. Ng5 h6 17. Qh5 hxg5 18. hxg5 g6 19. Qh4 Qf8 20. Ng4 Qg7 21. Rad1 bxc3 22. bxc3 cxd4 23. cxd4 Nb4 24. Bf3 Bf8 25. Kg2 Qh7 26. Nh6+ Bxh6 27. gxh6 g5 28. Bxg5 Rc2 29. a3 Nd3 30. Re2 Rac8 31. Bf6 Nxf6 32. Qxf6 Ba6 33. Red2 Rxd2 34. Rxd2 Ne1+ 35. Kh3 Nxf3 36. Qxf3 Qxh6+ 37. Kg2 Qxd2 38. Qg4+ Kf8 39. Qh4 Ke8 0-1


[Site "https://www.chess.com"]

[Event "Titled Tuesday Blitz May 11 2021"]
[White "Megalios, Konstantinos"]
[Black "Pulpan, Jakub"]
[WhiteFideId "4238044"]
[BlackFideId "302759"]
[WhiteElo "2298"]
[BlackElo "2471"]
[Result "1/2-1/2"]
[Round "02"]
[TimeControl "180+1"]
[Date "2021.05.11"]
[WhiteClock "0:00:13"]
[BlackClock "0:00:28"]

1. d4 Nf6 2. c4 e6 3. g3 d5 4. Bg2 Be7 5. Nf3 O-O 6. O-O dxc4 7. Qc2 b6 8. Qxc4 Bb7 9. Nc3 Nbd7 10. Bg5 c5 11. Rfd1 Rc8 12. Qa4 Bc6 13. Qc2 Qc7 14. dxc5 Nxc5 15. Nd4 Bxg2 16. Kxg2 h6 17. Bxf6 Bxf6 18. Rac1 Rfd8 19. Nf3 Rxd1 20. Rxd1 Qc6 21. Qd2 Rd8 22. Qe3 Rxd1 23. Nxd1 Qd5 24. Nc3 Bxc3 25. Qxc3 Qxa2 26. b4 Ne4 27. Qd3 Qd5 28. Qxd5 exd5 29. Nd4 a5 30. bxa5 bxa5 31. Kf3 a4 32. Ke3 a3 33. Nb3 a2 34. f3 Nc5 35. Na1 Na4 36. Kd4 Kf8 37. e3 Ke7 38. Kxd5 Nc3+ 39. Kd4 Ne2+ 40. Kd3 Ng1 41. f4 g5 42. fxg5 hxg5 43. h4 gxh4 44. gxh4 Nf3 45. Kc2 Nxh4 46. Kb2 Nf5 47. Kxa2 Nxe3 48. Kb2 Ke6 49. Kc3 Ke5 50. Nb3 f5 51. Kd3 Nd5 52. Nd2 Kf4 53. Ke2 Kg4 54. Kf2 Nf6 55. Nc4 f4 56. Ne5+ Kf5 57. Nd3 Ng4+ 58. Kf3 Ne5+ 59. Nxe5 Kxe5 60. Kf2 Ke4 61. Ke2 f3+ 62. Kf2 Kf4 63. Kf1 Ke3 64. Ke1 f2+ 65. Kf1 Kf3 1/2-1/2


[Site "https://www.chess.com"]

[Event "Titled Tuesday Blitz May 11 2021"]
[White "Mikhalevski, Victor"]
[Black "Zemach, Roee"]
[WhiteFideId "2801914"]
[BlackFideId "2818531"]
[WhiteElo "2567"]
[BlackElo "2131"]
[Result "1-0"]
[Round "02"]
[TimeControl "180+1"]
[Date "2021.05.11"]
[WhiteClock "0:01:41"]
[BlackClock "0:00:53"]

1. Nf3 Nf6 2. g3 e6 3. Bg2 d5 4. O-O Be7 5. c4 O-O 6. b3 c5 7. cxd5 Nxd5 8. Bb2 Nc6 9. d4 cxd4 10. Nxd4 Nxd4 11. Qxd4 Bf6 12. Qd2 Bxb2 13. Qxb2 Qf6 14. Qxf6 Nxf6 15. Na3 Rb8 16. Rfc1 a6 17. Nc4 b5 18. Nd6 Bd7 19. Rc7 Rb6 20. Rd1 g6 21. f4 Rd8 22. Nb7 Rb8 23. Rdxd7 Nxd7 24. Rxd7 Rc8 25. Nd6 Rc2 26. Kf2 Rd2 27. Rd8+ Kg7 28. Ne8+ Kf8 29. Rxd2 Kxe8 30. e4 a5 31. e5 a4 32. b4 Ke7 33. Ke3 Ra6 34. Kd4 Ra7 35. Kc5 Rc7+ 36. Bc6 a3 37. Kxb5 f6 38. Kc5 fxe5 39. fxe5 Rc8 40. b5 1-0


[Site "https://www.chess.com"]

[Event "Titled Tuesday Blitz May 11 2021"]
[White "Mohammad Fahad, Rahman"]
[Black "Ronka, Erik"]
[WhiteFideId "10207791"]
[BlackFideId "505080"]
[WhiteElo "2323"]
[BlackElo "2264"]
[Result "1-0"]
[Round "02"]
[TimeControl "180+1"]
[Date "2021.05.11"]
[WhiteClock "0:00:17"]
[BlackClock "0:00:04"]

1. e4 c6 2. d4 d5 3. e5 c5 4. dxc5 e6 5. a3 Nc6 6. Nf3 Bxc5 7. b4 Bb6 8. Bb2 Nge7 9. Nbd2 Ng6 10. h4 Bc7 11. Qe2 h6 12. g3 O-O 13. Bg2 Bd7 14. O-O a5 15. b5 Na7 16. a4 Nc8 17. Rfd1 Nce7 18. h5 Nh8 19. c4 dxc4 20. Nxc4 Nd5 21. Ba3 Re8 22. Rab1 f6 23. b6 Bxe5 24. Nfxe5 fxe5 25. Nd6 Nf7 26. Nxb7 Qf6 27. Nc5 Nc3 28. Qc2 Nxb1 29. Nxd7 Qg5 30. Qxb1 Rad8 31. b7 e4 32. Qxe4 e5 33. Qg6 1-0


[Site "https://www.chess.com"]

[Event "Titled Tuesday Blitz May 11 2021"]
[White "Molina, Roberto Junio Brito"]
[Black "Avramidou, Anastasia"]
[WhiteFideId "2109450"]
[BlackFideId "4239873"]
[WhiteElo "2402"]
[BlackElo "2183"]
[Result "1-0"]
[Round "02"]
[TimeControl "180+1"]
[Date "2021.05.11"]
[WhiteClock "0:00:12"]
[BlackClock "0:00:06"]

1. d4 Nf6 2. c4 g6 3. Nc3 d5 4. Nf3 Bg7 5. Qb3 dxc4 6. Qxc4 O-O 7. e4 b6 8. Bf4 c5 9. d5 Ba6 10. Qb3 Bxf1 11. Rxf1 Na6 12. Ke2 h6 13. h3 Nh5 14. Be3 Rc8 15. Rfd1 c4 16. Qa4 Nc5 17. Qxc4 Qd7 18. Qb4 a5 19. Qxb6 Bxc3 20. Bxc5 Rb8 21. Qc6 Rxb2+ 22. Kf1 Qxc6 23. dxc6 Rc8 24. Bxe7 Rxc6 25. Rac1 Nf4 26. h4 Rc8 27. Bd6 Ne6 28. Be5 Rxa2 29. Rxc3 Rb8 30. Rcd3 Re8 31. R3d2 Ra3 32. Re2 Ra4 33. Rde1 Rc4 34. Bb2 a4 35. Ne5 Rb4 36. Nd7 Re7 37. Nf6+ Kf8 38. Nd5 Rxb2 39. Rxb2 1-0


[Site "https://www.chess.com"]

[Event "Titled Tuesday Blitz May 11 2021"]
[White "Nakamura, Hikaru"]
[Black "Pert, Richard G"]
[WhiteFideId "2016192"]
[BlackFideId "404748"]
[WhiteElo "3185"]
[BlackElo "2625"]
[Result "1-0"]
[Round "02"]
[TimeControl "180+1"]
[Date "2021.05.11"]
[WhiteClock "0:00:59"]
[BlackClock "0:00:13"]

1. Nf3 e6 2. e4 d5 3. e5 c5 4. c3 Nc6 5. Na3 Bd7 6. Nc2 Nge7 7. d4 cxd4 8. cxd4 Qb6 9. Bd3 Na5 10. O-O Bb5 11. b3 Nac6 12. Ba3 a5 13. Bc5 Qa6 14. Bxb5 Qxb5 15. a4 Qa6 16. Na3 Nf5 17. Nb5 Kd7 18. Rc1 Bxc5 19. Rxc5 Rhc8 20. g4 Nh6 21. h3 b6 22. Rc1 Nb4 23. Qd2 Rxc1 24. Rxc1 Rc8 25. Ng5 Rxc1+ 26. Qxc1 Qc8 27. Qxc8+ Kxc8 28. Nxh7 Kd7 29. Kf1 Nd3 30. f3 Nc1 31. Ke1 Nd3+ 32. Kd2 Nf4 33. h4 Ng2 34. h5 Nh4 35. Ke2 Ng2 36. Ng5 Nf4+ 37. Ke3 Ng2+ 38. Kd2 f6 39. Nh3 fxe5 40. dxe5 Nf7 41. f4 Nh6 42. g5 Nf5 43. Ke2 Kc6 44. Kd3 Kc5 45. Nd6 Nxd6 46. exd6 Kxd6 47. h6 gxh6 48. gxh6 Nh4 49. h7 Ng6 50. Kd4 Ke7 51. f5 exf5 52. Kxd5 Kf6 53. Kc6 Kg7 54. Kxb6 f4 55. Kxa5 f3 56. Kb6 Nf4 57. Nf2 Kxh7 58. a5 Nd5+ 59. Kb7 Nb4 60. a6 Nxa6 61. Kxa6 Kg6 62. b4 Kf5 63. b5 Kf4 64. b6 Ke3 65. Nh3 Ke2 66. Ng1+ Kf1 67. Nxf3 1-0


[Site "https://www.chess.com"]

[Event "Titled Tuesday Blitz May 11 2021"]
[White "Neelotpal, Das"]
[Black "Gritsenko, Nikolai"]
[WhiteFideId "5003512"]
[BlackFideId "14112493"]
[WhiteElo "2427"]
[BlackElo "2389"]
[Result "0-1"]
[Round "02"]
[TimeControl "180+1"]
[Date "2021.05.11"]
[WhiteClock "0:00:02"]
[BlackClock "0:00:07"]

1. e4 e5 2. Nf3 d6 3. Bc4 Nf6 4. d3 Be7 5. O-O O-O 6. a4 Be6 7. Nbd2 Nc6 8. a5 a6 9. c3 h6 10. Re1 Bxc4 11. dxc4 Qd7 12. Nf1 Kh7 13. Qd3 Nd8 14. Ne3 Ne6 15. b4 Nf4 16. Qc2 c6 17. Nf5 Ng6 18. Bd2 Rfe8 19. Rad1 Bf8 20. Bc1 Qe6 21. Qe2 d5 22. cxd5 cxd5 23. Ng3 Rac8 24. Bd2 Nf4 25. Qf1 Qg4 26. h3 Nxh3+ 27. gxh3 Qxf3 28. Re3 Qf4 29. exd5 Qc4 30. Qd3+ Qxd3 31. Rxd3 e4 32. Rd4 Bd6 33. c4 Be5 34. Be3 Bxd4 35. Rxd4 g6 36. c5 Rcd8 37. d6 Re6 38. Rd1 Nd7 39. Bd4 Rc8 40. Kg2 f5 41. Ne2 g5 42. Bb2 Kg6 43. Nc3 f4 44. Nd5 Rce8 45. Nc7 Kf5 46. Rd5+ Kg6 47. Nxe6 Rxe6 48. b5 e3 49. fxe3 axb5 50. a6 fxe3 51. c6 bxc6 52. a7 Re8 53. Rd1 Ra8 54. Bd4 c5 55. Bxe3 Rxa7 56. Rb1 b4 57. Rc1 Ra5 58. Kf3 Kf5 59. Rd1 Ke6 60. Kg4 b3 61. Kh5 c4 62. Bd4 Rd5 63. Re1+ Kxd6 64. Bc3 Rd3 65. Bb4+ Kc6 66. Kxh6 Rxh3+ 0-1


[Site "https://www.chess.com"]

[Event "Titled Tuesday Blitz May 11 2021"]
[White "Nouri, Alekhine"]
[Black "Quparadze, Giga"]
[WhiteFideId "5216184"]
[BlackFideId "13602250"]
[WhiteElo "1894"]
[BlackElo "2658"]
[Result "0-1"]
[Round "02"]
[TimeControl "180+1"]
[Date "2021.05.11"]
[WhiteClock "0:01:24"]
[BlackClock "0:02:02"]

1. e4 c5 2. Nc3 e6 3. f4 d5 4. Nf3 d4 5. Bb5+ Bd7 6. Bxd7+ Nxd7 7. Ne2 Ngf6 8. d3 Be7 9. O-O Qc7 10. Qe1 O-O-O 11. Qg3 g6 12. Ng5 Nh5 13. Qh3 Rdf8 14. g4 Nhf6 15. f5 e5 16. Ng3 h6 17. Nf3 g5 18. Nh5 Nxh5 19. Qxh5 Nf6 20. Qh3 h5 21. Qg3 hxg4 22. Nxg5 Kb8 23. h4 gxh3 24. Nxh3 Rfg8 0-1


[Site "https://www.chess.com"]

[Event "Titled Tuesday Blitz May 11 2021"]
[White "Nozdrachev, Leonid"]
[Black "Diaz Camallonga, Carles"]
[WhiteFideId "24113433"]
[BlackFideId "22235256"]
[WhiteElo "2246"]
[BlackElo "2438"]
[Result "1/2-1/2"]
[Round "02"]
[TimeControl "180+1"]
[Date "2021.05.11"]
[WhiteClock "0:00:04"]
[BlackClock "0:00:14"]

1. e4 e6 2. d4 d5 3. exd5 exd5 4. c4 Bb4+ 5. Nc3 Ne7 6. Nf3 O-O 7. Bd3 dxc4 8. Bxc4 Bg4 9. Be3 Nbc6 10. O-O Nf5 11. Nd5 Bd6 12. Rc1 Na5 13. Bd3 c6 14. Bxf5 Bxf5 15. Bg5 f6 16. Nxf6+ gxf6 17. Bh6 Rf7 18. Nh4 Bd7 19. Qf3 f5 20. Bf4 Bxf4 21. Qxf4 b6 22. Nf3 Rg7 23. Ne5 Be6 24. Rfe1 Bd5 25. f3 Qf6 26. b4 Nb7 27. Ng4 Qg5 28. Qxg5 Rxg5 29. Nf6+ Kf7 30. Nxd5 cxd5 31. Rc7+ Kf6 32. Rxb7 Rc8 33. Re2 Rc4 34. Rxa7 Rxb4 35. Rb7 Rg7 36. Rxg7 Kxg7 37. Re6 Rxd4 38. Rxb6 Rd1+ 39. Kf2 Rd2+ 40. Kg3 Rxa2 41. Rd6 Rd2 42. Kf4 Rxg2 43. Kxf5 Rxh2 44. Rd7+ Kf8 45. Rxd5 Rh5+ 46. Ke4 Rxd5 47. Kxd5 Kf7 48. Ke4 Kf6 49. Kf4 h5 50. Kg3 Kf5 51. f4 h4+ 52. Kxh4 Kxf4 1/2-1/2


[Site "https://www.chess.com"]

[Event "Titled Tuesday Blitz May 11 2021"]
[White "Nygren, Kim"]
[Black "Banawa, Joel"]
[WhiteFideId "1706136"]
[BlackFideId "2024055"]
[WhiteElo "2257"]
[BlackElo "2711"]
[Result "1-0"]
[Round "02"]
[TimeControl "180+1"]
[Date "2021.05.11"]
[WhiteClock "0:00:07"]
[BlackClock "0:00:06"]

1. e4 e5 2. Nf3 Nc6 3. Bb5 a6 4. Ba4 Nf6 5. O-O b5 6. Bb3 Bb7 7. d3 Bc5 8. Be3 d6 9. a4 O-O 10. Nc3 b4 11. Nd5 Na5 12. Bg5 Bxd5 13. Bxd5 c6 14. Ba2 h6 15. Bh4 Re8 16. Kh1 d5 17. exd5 cxd5 18. d4 exd4 19. Nxd4 Bxd4 20. Qxd4 Re4 21. Bxf6 Rxd4 22. Bxd8 Rxd8 23. Rad1 Rxd1 24. Rxd1 d4 25. Kg1 Nb7 26. Bc4 Nc5 27. b3 a5 28. f3 Rd6 29. Kf2 Nd7 30. Bb5 Ne5 31. Re1 f6 32. Rd1 Kf7 33. h3 g5 34. g3 f5 35. f4 gxf4 36. gxf4 Ng6 37. Kf3 Kf6 38. Be8 Nf8 39. Bb5 Ne6 40. Rg1 Ng7 41. Bc4 Rd7 42. Re1 Rd6 43. Re5 Rc6 44. Rxa5 Ne8 45. Bd3 Nd6 46. Rd5 Ke6 47. Re5+ Kf6 48. Rd5 Ke6 49. Rxd4 Rb6 50. a5 Rb8 51. a6 Ke7 52. Rxb4 Ra8 53. Ra4 Kd7 54. b4 Kc7 55. c4 Nc8 56. c5 Kc6 57. Ra5 Na7 58. Bxf5 Rb8 59. Be4+ Kc7 60. Bb7 Rd8 61. f5 Rd3+ 62. Kf4 Rb3 63. f6 Rxb4+ 64. Kf5 Rb1 65. Kg6 Rf1 66. f7 h5 67. Kg7 Rg1+ 68. Kh8 Rf1 69. Kg8 Rg1+ 70. Kf8 Rf1 71. Ra3 Nb5 72. Re3 Nd4 73. Ke7 Nf5+ 74. Ke8 Ng7+ 75. Kf8 Nf5 76. Ra3 Nd4 77. a7 Ne6+ 78. Ke7 Ng5 79. f8=Q Re1+ 80. Kf6 Nh7+ 81. Kg7 Nxf8 82. a8=Q Ne6+ 83. Kf6 Nxc5 84. Qc8+ Kb6 85. Qc6# 1-0


[Site "https://www.chess.com"]

[Event "Titled Tuesday Blitz May 11 2021"]
[White "Oparin, Grigoriy"]
[Black "Shahade, Gregory"]
[WhiteFideId "24125890"]
[BlackFideId "2009064"]
[WhiteElo "2628"]
[BlackElo "2617"]
[Result "1-0"]
[Round "02"]
[TimeControl "180+1"]
[Date "2021.05.11"]
[WhiteClock "0:02:40"]
[BlackClock "0:01:02"]

1. f4 c5 2. Nf3 g6 3. e4 Bg7 4. g3 Nc6 5. Bg2 d6 6. O-O e6 7. d3 Nge7 8. c3 O-O 9. Be3 Rb8 10. a4 a6 11. Nbd2 b5 12. axb5 axb5 13. Qc2 b4 14. Nc4 Qc7 15. e5 dxe5 16. fxe5 bxc3 17. bxc3 Nf5 18. Bxc5 Nxe5 19. Bxf8 Nxc4 20. Bxg7 Nce3 21. Be5 Qxe5 22. Nxe5 Nxc2 23. Rab1 Rxb1 24. Rxb1 Kg7 25. Rb8 Ba6 26. Ra8 Bb5 27. c4 f6 28. cxb5 fxe5 29. b6 1-0


[Site "https://www.chess.com"]

[Event "Titled Tuesday Blitz May 11 2021"]
[White "Ortega Amarelle, Mariano"]
[Black "Murzin, Volodar"]
[WhiteFideId "3504301"]
[BlackFideId "44155573"]
[WhiteElo "2388"]
[BlackElo "2541"]
[Result "0-1"]
[Round "02"]
[TimeControl "180+1"]
[Date "2021.05.11"]
[WhiteClock "0:00:03"]
[BlackClock "0:00:03"]

1. Nf3 Nf6 2. d4 g6 3. c4 Bg7 4. Nc3 O-O 5. e4 d6 6. Be2 Na6 7. O-O e5 8. Be3 Qe8 9. dxe5 dxe5 10. h3 Nh5 11. c5 Nf4 12. Bxa6 bxa6 13. Bxf4 exf4 14. Nd5 Rb8 15. Nxc7 Qxe4 16. Re1 Qb7 17. Nd5 Be6 18. c6 Qxb2 19. c7 Rbe8 20. Rc1 Kh8 21. Nxf4 Bf5 22. Rxe8 Rxe8 23. g4 Bc8 24. Kg2 Bb7 25. Qd8 Rf8 26. Re1 Qc3 27. Re3 Qc6 28. Kg3 Bh6 29. g5 Bg7 30. h4 Kg8 31. h5 a5 32. h6 Bb2 33. Qe7 Bc1 34. Rd3 Bxf4+ 35. Kxf4 Qc4+ 36. Kg3 Qxd3 0-1


[Site "https://www.chess.com"]

[Event "Titled Tuesday Blitz May 11 2021"]
[White "Ortiz Suarez, Isan Reynaldo"]
[Black "Ezat, Mohamed"]
[WhiteFideId "3507165"]
[BlackFideId "10600906"]
[WhiteElo "2539"]
[BlackElo "2417"]
[Result "1-0"]
[Round "02"]
[TimeControl "180+1"]
[Date "2021.05.11"]
[WhiteClock "0:01:25"]
[BlackClock "0:00:11"]

1. Nf3 Nf6 2. c4 g6 3. g3 Bg7 4. Bg2 O-O 5. O-O c5 6. d4 d6 7. Nc3 Nc6 8. d5 Na5 9. Nd2 a6 10. a4 Qb6 11. Qc2 Qb4 12. Na2 Qb6 13. Rb1 Nd7 14. e4 Ne5 15. h3 f5 16. f4 Nf7 17. b3 fxe4 18. Nxe4 Bf5 19. g4 Bxe4 20. Bxe4 Kh8 21. Be3 Rae8 22. b4 e5 23. bxa5 Qxa5 24. f5 gxf5 25. Rxf5 Bh6 26. Qc1 Bf4 27. Bxf4 exf4 28. Qxf4 Qxa4 29. Rxf7 Rxf7 30. Qxf7 1-0


[Site "https://www.chess.com"]

[Event "Titled Tuesday Blitz May 11 2021"]
[White "Paichadze, Luka"]
[Black "Janaszak, Dawid"]
[WhiteFideId "13602934"]
[BlackFideId "1119206"]
[WhiteElo "2537"]
[BlackElo "2332"]
[Result "0-1"]
[Round "02"]
[TimeControl "180+1"]
[Date "2021.05.11"]
[WhiteClock "0:00:26"]
[BlackClock "0:00:14"]

1. e4 c6 2. d4 d5 3. f3 Qb6 4. Nc3 e5 5. dxe5 d4 6. Nce2 c5 7. g3 Nc6 8. f4 c4 9. Bg2 Bc5 10. Nf3 Nge7 11. f5 Bd7 12. Bg5 O-O-O 13. b3 d3 14. cxd3 cxd3 15. Nf4 Nb4 16. Rc1 Nc2+ 17. Rxc2 dxc2 18. Qxc2 Kb8 19. Bxe7 Bxe7 20. Nd5 Bb4+ 21. Nxb4 Qxb4+ 22. Kf2 Bc6 23. Re1 Rd7 24. e6 fxe6 25. fxe6 Rc7 26. Qd2 Qe7 27. Bh3 Rd8 28. Qf4 Ka8 29. Qe5 Be8 30. Re2 Rc1 31. Nd4 Qf8+ 32. Kg2 Qf1# 0-1


[Site "https://www.chess.com"]